 Dungeon Crawl Stone Soup version 0.21-a0-516-gaaff437 (webtiles) character file.

8154 theanonym the Martial Artist (level 11, -4/69 HPs)
             Began as an Octopode Monk on Dec 3, 2017.
             Was a High Priest of Cheibriados.
             Slain by darxusza's ghost (17 damage)
             ... on level 10 of the Dungeon.
             The game lasted 00:28:58 (12050 turns).

theanonym the Martial Artist (Octopode Monk)       Turns: 12050, Time: 00:28:59

Health: -4/69      AC:  1    Str: 24    XL:     11   Next: 26%
Magic:  11/11      EV: 22    Int: 28    God:    Cheibriados [*****.]
Gold:   227        SH: 10    Dex: 31    Spells: 9/10 levels left

rFire    + . .     SeeInvis .     - Unarmed
rCold    . . .     Gourm    .   n - +3 buckler
rNeg     . . .     Faith    +   (helmet restricted)
rPois    .         Spirit   .   s - amulet of faith {Faith, !P}
rElec    .         Reflect  .   E - ring of protection from fire {rF+}
rCorr    .         Harm     .   j - ring of wizardry {Wiz+}
MR       .....     Clarity  +   q - +3 ring of intelligence
Stlth    +++++++...             (no ring)
HPRegen  0.21/turn              (no ring)
MPRegen  0.12/turn              (no ring)
                                (no ring)
                                (no ring)

@: very slow
A: almost no armour, stealthy swim, amphibious, 8 rings, constrict 8, fangs 1,
camouflage 1, clarity, gelatinous body 1
a: Bend Time, Temporal Distortion, Slouch, Step From Time, Renounce Religion


Innate Abilities, Weirdness & Mutations

You cannot wear most types of armour.
You are very stealthy in the water. (Stealth+)
You are amphibious.
You can wear up to eight rings at the same time.
You can use your tentacles to constrict eight enemies at once.
Your skin changes colour to match your surroundings (Stealth+).
Your rubbery body absorbs attacks. (AC +1, EV +1)
You have very sharp teeth.
You possess an exceptional clarity of mind.


   Skills:
 + Level 4.0 Fighting
 - Level 7.8 Dodging
 - Level 12.0 Stealth
 - Level 4.0 Shields
 + Level 12.2 Unarmed Combat
 + Level 0.5 Invocations


You had 9 spell levels left.
You knew the following spells:

 Your Spells              Type           Power        Failure   Level  Hunger
q - Apportation           Tloc           #.....       4%          1    ##.....

Skill      XL: |  1  2  3  4  5  6  7  8  9 10 11 |
---------------+----------------------------------+-----
Stealth        | 3 4 5 6 7 9 11 12 | 12.0
Unarmed Combat | 4 5 6 7 9 11 12 | 12.2
Dodging        | 4 7 |  7.8
Shields        | 3 4 |  4.0
Fighting       | 4 |  4.0
Invocations    | |  0.5

Action                   |  1- 3 |  4- 6 |  7- 9 | 10-12 || total
-------------------------+-------+-------+-------+-------++-------
Melee: Unarmed           |    58 |   143 |   200 |   123 ||   524
       Tentacles         |    13 |    34 |    60 |    43 ||   150
       Constrict         |    16 |    39 |    36 |    29 ||   120
       Punch             |     1 |     4 |    22 |    21 ||    48
       Bite              |       |       |    27 |    21 ||    48
Throw: Javelin           |       |     3 |    11 |    10 ||    24
       Tomahawk          |       |       |    10 |    15 ||    25
       Throwing net      |       |       |       |     1 ||     1
Invok: Temporal Distorti |       |       |     2 |     2 ||     4
Evoke: Wand              |       |       |       |     8 ||     8
       Lightning rod     |       |       |       |     3 ||     3
  Use: Scroll            |       |     9 |     6 |     9 ||    24
       Potion            |       |     4 |     2 |     3 ||     9
 Stab: Sleeping          |    10 |    11 |    20 |     4 ||    45
       Distracted        |       |     1 |     1 |     2 ||     4
  Eat: Chunk             |     1 |     9 |     5 |     7 ||    22
       Meat ration       |       |       |     1 |       ||     1
Armor: Skin              |     5 |     5 |     5 |    10 ||    25
Dodge: Dodged            |    28 |    89 |   100 |    61 ||   278
Block: Other             |       |     7 |     2 |       ||     9
       Buckler           |       |       |    27 |    26 ||    53

Inventory:

Missiles
 p - 121 arrows
 x - 4 javelins (quivered)
 z - a throwing net
 F - 39 bolts
Armour
 n - a +3 buckler (worn)
   (You found it on level 5 of the Dungeon)
Jewellery
 a - an uncursed ring of fire {rF+, rC-}
   (You found it on level 2 of the Dungeon)
 j - a ring of wizardry (right tentacle) {Wiz+}
   (You found it on level 2 of the Dungeon)
 k - a +2 amulet of reflection
   (You found it on level 3 of the Dungeon)
 o - an uncursed amulet of magic regeneration {unknown}
   (You found it on level 8 of the Dungeon)
 q - a +3 ring of intelligence (on tentacle)
   (You found it on level 4 of the Dungeon)
 s - an amulet of faith (around mantle) {Faith, !P}
   (You found it on level 5 of the Dungeon)
 E - a ring of protection from fire (left tentacle) {rF+}
   (You found it on level 7 of the Dungeon)
Wands
 c - a wand of clouds (2)
   (You bought it in a shop on level 8 of the Dungeon)
 v - a wand of acid (12)
   (You took it off a wight on level 9 of the Dungeon)
 G - a wand of iceblast (8)
   (You bought it in a shop on level 8 of the Dungeon)
 H - a wand of flame (25)
   (You found it on level 9 of the Dungeon)
Scrolls
 f - 4 scrolls of fog {!r}
 g - 4 scrolls of remove curse
 h - a scroll of fear {!r}
 r - a scroll of immolation
 y - a scroll of magic mapping {!r}
Potions
 b - a potion of heal wounds {unknown}
 d - a potion of flight
 i - 4 potions of brilliance
 w - 2 potions of curing
 B - 2 potions of mutation
 C - 2 potions of magic
Books
 m - a book of Maledictions
   (You found it on level 9 of the Dungeon)

   Spells                             Type                      Level
   a - Corona                         Hexes                        1
   b - Ensorcelled Hibernation        Hexes/Ice                    2
   c - Confuse                        Hexes                        3
   d - Tukima's Dance                 Hexes                        3
   e - Dazzling Spray                 Conjuration/Hexes            3
Miscellaneous
 J - a lightning rod (1/4)
   (You found it on level 9 of the Dungeon)
Comestibles
 e - 2 meat rations
 l - 13 bread rations
 u - 3 royal jellies

Dungeon Overview and Level Annotations

Branches:
Dungeon (10/15)            Temple (1/1) D:5            Lair (0/6) D:9
    Orc: D:9-12

Altars:
Ashenzari
Cheibriados
Fedhas
Gozag
Makhleb
Qazlal
Sif Muna
Wu Jian
Xom
Zin
The Shining One

Shops:
D:6 ??(   D:8 *

Annotations:
D:8 3 exclusions
D:10 darxusza's ghost, journeyman MiFi


You were on level 10 of the Dungeon.
You worshipped Cheibriados.
Cheibriados was extremely pleased with you.
You were not hungry.

You visited 2 branches of the dungeon, and saw 11 of its levels.

You collected 723 gold pieces.
You spent 496 gold pieces at shops.


Message History

Orders for allies: a - Attack new target. r - Retreat! s - Stop attacking. g - Guard the area. f - Follow me.
Anything else - Cancel.
You shout for attention!
You hear an angry buzzing noise.
What are your orders? t - Shout!
Orders for allies: a - Attack new target. r - Retreat! s - Stop attacking. g - Guard the area. f - Follow me.
Anything else - Cancel.
You shout for attention!
You feel sick.
Okay, then.
Unknown command.
Okay, then.
Put on which piece of jewellery? (? for menu, Esc to quit)
Okay, then.
Aim: a killer bee The thunderbolt hits the killer bee.
You hear a bellow! x2; You hear an angry buzzing noise.
Aim: a killer bee (heavily wounded)
The thunderbolt hits the killer bee.
You kill the killer bee!
Cheibriados thoroughly appreciates the change of pace.
The thunderbolt hits the killer bee.
You hear a bellow!
Aim: a killer bee (heavily wounded)
The thunderbolt hits the killer bee.
You kill the killer bee!
Cheibriados thoroughly appreciates the change of pace.
Cheibriados raises the support of your attributes as your movement slows.
You bludgeon the killer bee! Your grab misses the killer bee.
You bite the killer bee, but do no damage.
You block the killer bee's attack. The killer bee stings you.
You are more poisoned.
The killer bee poisons you!
You take 5 damage, and have 56/68 hp.
You batter the killer bee!!
You kill the killer bee!
Cheibriados thoroughly appreciates the change of pace.
Your Fighting skill increases to level 4!
You feel sick.
You start resting.
You feel sick. x3
Your magical contamination has completely faded away.
You take 1 damage, and have 55/69 hp.
You start resting.
You feel sick. x7
You are no longer poisoned.
You start resting.
Health restored: 69
Okay, then.
Unknown command.
You see here a killer bee corpse.
You see here a killer bee corpse.
You see here a killer bee corpse.
All of the chunks of flesh in your inventory have rotted away.
A shadow imp comes into view.
A shadow imp is nearby!
A shadow imp is nearby!
A shadow imp is nearby!
A shadow imp is nearby!
The shadow imp shouts!
You block the shadow imp's attack. x2
You tentacle-slap the shadow imp. You grab the shadow imp.
You tentacle-slap the shadow imp.
You squeeze the shadow imp, but do no damage.
You constrict the shadow imp.
You kill the shadow imp!
Cheibriados appreciates the change of pace.
No target in view!
No target in view!
Darxusza's ghost (journeyman Minotaur Fighter) comes into view.
You strike the helpless darxusza's ghost from behind!
You bludgeon darxusza's ghost! You squeeze darxusza's ghost!
Darxusza's ghost closely misses you.
You bludgeon darxusza's ghost! You squeeze darxusza's ghost.
Darxusza's ghost hits you!
You take 17 damage, and have 52/69 hp.
MASSIVE DAMAGE!!
You bludgeon darxusza's ghost!
Your tentacle-slap misses darxusza's ghost.
You barely miss darxusza's ghost.
You squeeze darxusza's ghost, but do no damage.
Darxusza's ghost hits you!
You take 15 damage, and have 38/69 hp.
MASSIVE DAMAGE!!
You tentacle-slap darxusza's ghost. Darxusza's ghost hits you!
* * * LOW HITPOINT WARNING * * *
You take 11 damage, and have 27/69 hp.
You fail to use your ability.
Darxusza's ghost lets out a mournful wail.
Darxusza's ghost hits you!
* * * LOW HITPOINT WARNING * * *
You take 15 damage, and have 12/69 hp.
MASSIVE DAMAGE!!
As you read the scroll of holy word, it crumbles to dust.
You speak a Word of immense power!
Darxusza's ghost convulses!
Darxusza's ghost completely misses you.
Okay, then.
Okay, then.
You fail to use your ability.
Darxusza's ghost hits you!
You die...

.............#.#..†..####...#.#
.####.#.#.##.#.############.#.#
.# #.....##.#.. ..........# .#
#####.##.##############.### .#
#.##.#<#............# .#
#.##.#.#.############ .#
#.##.#.#.# .# #.##...#.#
.########.######@#
........>........W......
#####.##.#######......#. #.#
......... #.# ......... #.#
########## ##+###### #.......#
#.......#


You could see darxusza's ghost (dazed).

Notes
Turn   | Place    | Note
-------+----------+-------------------------------------------
     0 | D:1      | theanonym the Octopode Monk began the quest for the Orb.
     0 | D:1      | Reached XP level 1. HP: 16/16 MP: 1/1
    34 | D:1      | Reached skill level 3 in Stealth
    34 | D:1      | Reached XP level 2. HP: 19/21 MP: 2/2
   357 | D:1      | Found a glowing golden altar of the Shining One.
   688 | D:1      | Reached XP level 3. HP: 22/26 MP: 3/3
  1090 | D:2      | Reached skill level 4 in Unarmed Combat
  1102 | D:2      | HP: 13/26 [poisoned by an adder]
  1108 | D:2      | HP: 10/26 [poisoned by an adder]
  1114 | D:2      | HP: 9/26 [poisoned by an adder]
  1122 | D:2      | HP: 7/26 [poisoned by an adder]
  1428 | D:2      | Reached skill level 4 in Stealth
  1437 | D:2      | Reached XP level 4. HP: 23/31 MP: 4/4
  2310 | D:3      | HP: 12/31 [adder (4)]
  2315 | D:3      | Reached XP level 5. HP: 15/36 MP: 5/5
  2319 | D:3      | Reached skill level 5 in Stealth
  2319 | D:3      | Reached skill level 5 in Unarmed Combat
  2320 | D:3      | HP: 9/36 [kobold/whip (6)]
  2587 | D:3      | HP: 16/36 [orc (5)]
  2607 | D:3      | HP: 16/36 [orc/dagger (3)]
  3400 | D:4      | Reached XP level 6. HP: 42/42 MP: 6/6
  3856 | D:4      | Noticed a phantom
  3920 | D:4      | HP: 19/42 [phantom (5)]
  3928 | D:4      | Killed a phantom
  3928 | D:4      | Reached skill level 6 in Stealth
  3928 | D:4      | Reached skill level 6 in Unarmed Combat
  4170 | D:4      | Reached XP level 7. HP: 40/46 MP: 7/7
  4456 | D:4      | Noticed Natasha
  4460 | D:4      | Killed Natasha
  4567 | D:4      | Noticed Natasha
  4575 | D:4      | Killed Natasha
  4692 | D:5      | Entered Level 5 of the Dungeon
  4821 | D:5      | Found a staircase to the Ecumenical Temple.
  4827 | Temple   | Entered the Ecumenical Temple
  4843 | Temple   | Became a worshipper of Cheibriados the Contemplative
  4843 | Temple   | Reached * piety under Cheibriados
  4843 | Temple   | Reached ** piety under Cheibriados
  5044 | D:5      | HP: 22/46 [sky beast (6)]
  5048 | D:5      | Reached skill level 7 in Stealth
  5048 | D:5      | Reached skill level 7 in Unarmed Combat
  5481 | D:6      | HP: 18/46 [orc warrior/hand axe (13)]
  5675 | D:6      | Found a deep blue altar of Sif Muna.
  5820 | D:6      | Noticed Sigmund
  6004 | D:6      | Reached XP level 8. HP: 37/52 MP: 8/8
  6103 | D:6      | Gained mutation: You possess an exceptional clarity of mind. [potion of mutation]
  6103 | D:6      | Gained mutation: You have very sharp teeth. [potion of mutation]
  6111 | D:6      | Killed Sigmund
  6111 | D:6      | Reached skill level 8 in Stealth
  6111 | D:6      | Reached skill level 8 in Unarmed Combat
  6343 | D:6      | Found Nonoh's Distillery.
  6569 | D:6      | HP: 26/52 [ice beast (9)]
  6571 | D:6      | HP: 11/52 [ice beast (10)]
  6920 | D:6      | Found Ikhleffol's Magic Scroll Shop.
  6930 | D:6      | Reached skill level 9 in Unarmed Combat
  6933 | D:6      | Reached skill level 9 in Stealth
  7048 | D:6      | Reached *** piety under Cheibriados
  7199 | D:6      | Found Pimaapt's Magic Scroll Boutique.
  7278 | D:6      | Bought a scroll of holy word for 90 gold pieces
  7375 | D:6      | Found Ubbetyda's Antique Weapon Emporium.
  7499 | D:7      | Reached XP level 9. HP: 48/56 MP: 9/9
  7510 | D:7      | Noticed theanonym's ghost (novice OpGl)
  7638 | D:7      | Killed theanonym's ghost
  7638 | D:7      | Reached skill level 10 in Stealth
  7638 | D:7      | Reached skill level 10 in Unarmed Combat
  7807 | D:7      | HP: 22/56 [centaur/shortbow (7)]
  8873 | D:7      | Reached skill level 11 in Stealth
  8915 | D:8      | Found Puodih's Assorted Antiques.
  8923 | D:8      | Bought a blackened lead wand for 116 gold pieces
  8923 | D:8      | Bought a long brass wand for 116 gold pieces
  8923 | D:8      | Bought a scroll labeled MACSIS KOS HIG for 29 gold pieces
  8923 | D:8      | Bought an agate ring for 145 gold pieces
  8933 | D:8      | Learned a level 1 spell: Apportation
  8947 | D:8      | HP: 26/56 [phantom (4)]
  9129 | D:8      | Reached **** piety under Cheibriados
  9216 | D:8      | Reached skill level 11 in Unarmed Combat
  9297 | D:8      | Reached skill level 4 in Dodging
  9297 | D:8      | Reached XP level 10. HP: 56/63 MP: 10/10
  9634 | D:8      | Noticed a two-headed ogre
  9746 | D:8      | Noticed Psyche
  9759 | D:8      | Killed Psyche
  9759 | D:8      | Reached skill level 5 in Dodging
  9759 | D:8      | Reached skill level 12 in Stealth
  9789 | D:8      | Found a shimmering altar of Xom.
  9789 | D:8      | Found a burning altar of Makhleb.
  9827 | D:8      | Found an ornate altar of the Wu Jian Council.
  9850 | D:8      | Reached ***** piety under Cheibriados
  9872 | D:8      | Reached skill level 1 in Shields
 10032 | D:8      | HP: 31/63 [two-headed ogre/giant club (21)]
 10034 | D:8      | Killed a two-headed ogre
 10034 | D:8      | Reached skill level 6 in Dodging
 10034 | D:8      | Reached skill level 2 in Shields
 10388 | D:9      | Found a shattered altar of Ashenzari.
 10449 | D:9      | Noticed a two-headed ogre
 11060 | D:9      | Reached skill level 3 in Shields
 11191 | D:9      | Found a staircase to the Lair.
 11259 | D:9      | Killed a two-headed ogre
 11259 | D:9      | Reached skill level 7 in Dodging
 11259 | D:9      | Reached XP level 11. HP: 67/67 MP: 11/11
 11411 | D:9      | Reached skill level 4 in Shields
 11471 | D:10     | Entered Level 10 of the Dungeon
 11514 | D:10     | Noticed Nergalle
 11524 | D:10     | Killed Nergalle
 11524 | D:10     | Reached skill level 12 in Unarmed Combat
 11531 | D:10     | HP: 33/67 [poisoned by Nergalle]
 11536 | D:10     | HP: 31/67 [poisoned by Nergalle]
 11541 | D:10     | HP: 31/67 [poisoned by Nergalle]
 11546 | D:10     | HP: 31/67 [poisoned by Nergalle]
 11551 | D:10     | HP: 31/67 [poisoned by Nergalle]
 11557 | D:10     | HP: 31/67 [poisoned by Nergalle]
 11563 | D:10     | HP: 32/67 [poisoned by Nergalle]
 11909 | D:10     | Reached skill level 4 in Fighting
 12043 | D:10     | Noticed darxusza's ghost (journeyman MiFi)
 12047 | D:10     | HP: 27/69 [darxusza's ghost (11)]
 12048 | D:10     | HP: 12/69 [darxusza's ghost (15)]
 12050 | D:10     | Slain by darxusza's ghost

Vanquished Creatures
  2 two-headed ogres
  Nergalle (D:10)
  The ghost of theanonym the Martial Artist, a novice OpGl of Cheibriados (D:7)
  Psyche (D:8)
  A kobold demonologist (D:10)
  A troll (D:10)
  A hippogriff (D:8)
  Sigmund (D:6)
  A wyvern (D:10)
  A spriggan (D:7)
  A basilisk (D:8)
  2 hungry ghosts (D:8)
  4 orc warriors
  A water moccasin (D:7)
  2 porcupines (D:9)
  An ice beast (D:6)
  2 sky beasts
  2 black bears (D:6)
  2 ogres
  2 centaurs (D:7)
  2 phantoms
  4 bullfrogs
  A gnoll sergeant (D:8)
  2 water moccasin zombies
  6 scorpions
  4 killer bees (D:10)
  3 wights (D:9)
  A centaur zombie (D:8)
  2 crimson imps (D:8)
  A bullfrog zombie (D:6)
  5 hounds
  2 jellies
  9 orc wizards
  4 bullfrog skeletons
  2 centaur skeletons
  3 orc priests (D:8)
  Natasha (twice) (D:4)
  2 iguanas
  5 worker ants
  A killer bee zombie (D:5)
  A hound zombie (D:9)
  A howler monkey zombie (D:7)
  A worker ant zombie (D:6)
  4 gnolls
  15 adders
  3 shadow imps
  An ooze (D:5)
  An adder skeleton (D:4)
  2 dart slugs
  5 leopard geckos
  29 orcs
  4 bats
  3 giant cockroaches
  7 goblins
  8 hobgoblins
  17 jackals
  A quokka (D:4)
  5 frilled lizards
  A giant cockroach zombie (D:5)
  11 kobolds
  5 rats
216 creatures vanquished.

Vanquished Creatures (collateral kills)
  A phantom (D:8)
  A plant (D:8)
2 creatures vanquished.

Vanquished Creatures (others)
  19 fungi (D:9)
  9 plants (D:9)
28 creatures vanquished.

Grand Total: 246 creatures vanquished
